 Dungeon Crawl Stone Soup version 0.28.0-53-g5a82cb258f (webtiles) character file.

Game seed: 3989570620506151545

1288 Peloso the Shield-Bearer (level 8, -3/70 HPs)
             Began as a Minotaur Fighter on May 21, 2022.
             Slain by a gnoll
             ... wielding a +0 flail
              (5 damage)
             ... on level 5 of the Dungeon.
             The game lasted 00:08:21 (4491 turns).

Peloso the Shield-Bearer (Minotaur Fighter)         Turns: 4491, Time: 00:08:22

Health: -3/70      AC: 11    Str: 21    XL:     8   Next: 30%
Magic:  7/7        EV:  5    Int:  5    God:
Gold:   265        SH:  0    Dex: 12    Spells: 7/7 levels left

rFire   . . .      SeeInvis .   a - +0 long sword
rCold   . . .      Faith    .   d - +2 tower shield
rNeg    . . .      Spirit   .   b - +0 chain mail
rPois   .          Reflect  +   (helmet restricted)
rElec   .          Harm     .   (no cloak)
rCorr   .          Rampage  .   (no gloves)
Will    .....                   q - +0 pair of boots
Stlth   ..........              p - amulet of reflection
HPRegen 0.21/turn               (no ring)
MPRegen 0.10/turn               (no ring)

@: confused, ambrosia-drunk
A: horns 2, retaliatory headbutt
a: no special abilities


You were on level 5 of the Dungeon.
You visited 1 branch of the dungeon, and saw 5 of its levels.
You also visited: Sewer.

You collected 265 gold pieces.

Inventory:

Hand Weapons
 a - a +0 long sword (weapon)
Armour
 b - a +0 chain mail (worn)
 c - a +0 buckler
 d - a +2 tower shield (worn)
 q - a +0 pair of boots (worn)
Jewellery
 p - an amulet of reflection (around neck)
Wands
 h - a wand of iceblast (7)
Scrolls
 m - 5 scrolls of teleportation
 o - a scroll of noise {unknown}
Potions
 e - 2 potions of berserk rage
 f - a potion of might
 g - a potion of attraction {unknown}
 j - 2 potions of curing {unknown}
 k - a potion of brilliance {unknown}
 l - a potion of resistance {unknown}
 n - a potion of heal wounds
 r - a potion of lignification {unknown}


   Skills:
 + Level 5.8 Fighting
 + Level 6.9 Long Blades
 + Level 6.9 Armour
 + Level 2.0 Dodging
 + Level 0.4 Stealth
 + Level 7.2 Shields


You had 7 spell levels left.
You didn't know any spells.
Your spell library contained the following spells:

 Spells                   Type           Power      Damage    Failure   Level
 Blink                    Tloc           0%         N/A       100%        2
 Frozen Ramparts          Ice            0%         1d2       100%        3
 Ice Form                 Ice/Tmut       0%         N/A       100%        4
 Summon Ice Beast         Ice/Summ       0%         N/A       100%        4
 Manifold Assault         Tloc           0%         N/A       100%        5
 Storm Form               Tmut/Air       0%         N/A       100%        7


Dungeon Overview and Level Annotations

Branches:
Dungeon (5/15)              Sewer (visited)
 Temple: D:4-7

Altars:
Dithmenos
Lugonu

Portals:
Abyss: D:3

Annotations:
D:3 2 runed translucent doors
D:4 2 transporters


Innate Abilities, Weirdness & Mutations

You have a pair of horns on your head.
You reflexively headbutt those who attack you in melee.


Message History

Unknown command.
You barely miss the orc warrior.
The orc warrior is lightly wounded.
Something hits you.
The orc warrior hits you but does no damage.
The orc warrior hits you with a +0 hand axe.
Something hits you but does no damage.
You hear some strange, mumbled words.
A puff of flame appears from out of thin air!
The puff of flame hits something!
Reactivating autopickup.
You feel a bit more experienced.
Your Dodging skill increases to level 2!
You bump into the rock wall.
The orc warrior hits you with a +0 hand axe.
Unknown command.
You bump into the rock wall.
The gnoll hits you but does no damage.
The orc warrior hits you with a +0 hand axe.
* * * LOW HITPOINT WARNING * * *
Unknown command.
Okay, then.
You are more confused.
You feel invigorated. The gnoll hits you with a +0 flail.
* * * LOW HITPOINT WARNING * * *
The orc warrior hits you with a +0 hand axe!
* * * LOW HITPOINT WARNING * * *
Unknown command.
You barely miss the orc warrior. Your headbutt misses the orc warrior.
The orc warrior is lightly wounded.
The gnoll hits you but does no damage.
The orc warrior hits you with a +0 hand axe.
* * * LOW HITPOINT WARNING * * *
The gnoll hits you with a +0 flail.
* * * LOW HITPOINT WARNING * * *
You hit the gnoll.
The gnoll is lightly wounded.
The orc warrior hits you with a +0 hand axe!
* * * LOW HITPOINT WARNING * * *
The gnoll hits you with a +0 flail.
You die...

....o.......# #.# #.
.....g......######.# #.
.......#.#.........#####.
..######...........+.....
P #...........####..
#{{.........# #.#
#o..#######.# #)# #g#o#
#.# #)# #@#..# #.# #.#
#o##.### #.# #.# #......#
#.# #####..# #.# ..#
.####.. .........
##.###### ##### ####


You could see an orc warrior, a gnoll and an orc.

Vanquished Creatures
  A centaur zombie (D:5)
  Eustachio (D:3)
  Edmund (D:4)
  Pargi (Sewer)
  An ogre (D:5)
  A scorpion (D:5)
  A centaur skeleton (D:4)
  3 hounds
  An iguana (D:3)
  An orc wizard (D:5)
  Natasha (thrice) (D:3)
  Terence (D:3)
  A hound skeleton (D:4)
  A gnoll (D:5)
  8 adders
  An ufetubus (D:2)
  An adder zombie (D:5)
  2 worms
  2 dart slugs
  6 orcs
  8 bats
  5 endoplasms
  4 giant cockroaches
  10 hobgoblins
  7 jackals (D:1)
  5 kobolds
  4 quokkas
  5 ball pythons
  7 frilled lizards
  9 goblins
  6 rats
108 creatures vanquished.

Vanquished Creatures (others)
  An orc wizard (D:5)
  A fungus (D:1)
  17 plants
19 creatures vanquished.

Grand Total: 127 creatures vanquished

Notes
Turn   | Place    | Note
-------+----------+-------------------------------------------
     0 | D:1      | Peloso the Minotaur Fighter began the quest for the Orb.
     0 | D:1      | Reached XP level 1. HP: 19/19 MP: 0/0
   167 | D:1      | Found a faded altar of an unknown god.
   203 | D:1      | Reached XP level 2. HP: 27/27 MP: 1/1
   483 | D:1      | Reached skill level 4 in Shields
   744 | D:1      | Reached XP level 3. HP: 33/33 MP: 2/2
  1341 | D:2      | Reached XP level 4. HP: 40/40 MP: 3/3
  2009 | D:3      | Noticed Natasha
  2012 | D:3      | Found a one-way gate to the infinite horrors of the Abyss.
  2017 | D:3      | Killed Natasha
  2018 | D:3      | Reached XP level 5. HP: 33/46 MP: 4/4
  2024 | D:3      | Noticed Natasha
  2033 | D:3      | Killed Natasha
  2063 | D:3      | Reached skill level 5 in Armour
  2117 | D:3      | Noticed Terence
  2118 | D:3      | Found a glowing drain.
  2124 | D:3      | Killed Terence
  2144 | D:3      | Reached skill level 5 in Shields
  2251 | Sewer    | Entered a sewer
  2410 | Sewer    | Noticed Pargi
  2435 | Sewer    | Killed Pargi
  2436 | Sewer    | Reached skill level 1 in Dodging
  2436 | Sewer    | Reached XP level 6. HP: 33/53 MP: 5/5
  2593 | D:3      | Noticed Natasha
  2599 | D:3      | Killed Natasha
  2770 | D:3      | Found a large runed translucent door.
  2770 | D:3      | Found a large runed translucent door.
  2771 | D:3      | Found a corrupted altar of Lugonu.
  3001 | D:4      | Reached skill level 5 in Long Blades
  3018 | D:4      | Noticed Eustachio
  3081 | D:4      | HP: 2/55 [Eustachio/+1 rapier of holy wrath (2)]
  3085 | D:3      | Killed Eustachio
  3086 | D:3      | Reached skill level 5 in Fighting
  3086 | D:3      | Reached XP level 7. HP: 29/61 MP: 6/6
  3459 | D:4      | Found a shadowy altar of Dithmenos.
  3553 | D:4      | Reached skill level 6 in Shields
  3648 | D:4      | Noticed Edmund
  3659 | D:4      | Killed Edmund
  3745 | D:4      | Found a transporter.
  3767 | D:4      | Found a transporter.
  4007 | D:5      | Entered Level 5 of the Dungeon
  4029 | D:5      | Reached skill level 7 in Shields
  4029 | D:5      | Reached XP level 8. HP: 49/70 MP: 7/7
  4491 | D:5      | HP: 2/70 [orc warrior/+0 hand axe (10)]
  4491 | D:5      | Slain by a gnoll

Illustrated notes

Levels and vault maps discovered:
D:1:      dpeg_cavernosity, layout_basic, hellmonk_ecumenical_altar_dog_temple
D:2:      layout_loops_ring, serial_bayou_crossing
D:3:      due_chaos_kobolds, layout_rooms, gup_sewer_entry_glass,
          due_unseen_surprise, uniq_terence, uniq_natasha
D:4:      gammafunk_steamed_eel, layout_cave_pools, grunt_dithmenos_smoke,
          uniq_edmund, uniq_eustachio
D:5:      layout_basic, grunt_temple_overflow_lords_of_destruction,
          gammafunk_ghost_necromancy, nicolae_grassy_gnolls

Skill      XL: |  1  2  3  4  5  6  7  8 |
---------------+-------------------------+-----
Fighting       | 4 5 |  5.8
Armour         | 4 5 6 |  6.9
Shields        | 4 5 7 |  7.2
Long Blades    | 3 4 5 6 |  6.9
Dodging        | 1 2 |  2.0
Stealth        | |  0.4

Action                   |  1- 3 |  4- 6 |  7- 9 || total
-------------------------+-------+-------+-------++-------
Melee: Long sword        |   105 |   155 |    87 ||   347
       Headbutt          |     8 |    30 |    18 ||    56
  Use: Potion            |     1 |     2 |     1 ||     4
       Scroll            |       |     2 |     3 ||     5
Armor: Scale mail        |    44 |    96 |    29 ||   169
       Chain mail        |       |       |    23 ||    23
Dodge: Dodged            |    35 |    42 |    19 ||    96
Block: Buckler           |     3 |       |       ||     3
       Tower shield      |    89 |   194 |    89 ||   372
       Reflection        |       |       |     1 ||     1
